 Dungeon Crawl Stone Soup version 0.22-a0-374-g5dfd9e3 (webtiles) character file.

165 4thArraOfDagon the Magician (level 5, 0/35 HPs)
             Began as a Mummy Ice Elementalist on Apr 26, 2018.
             Killed from afar by an orc wizard (9 damage)
             ... with a puff of flame
             ... on level 3 of the Dungeon.
             The game lasted 00:05:43 (1347 turns).

4thArraOfDagon the Magician (MuIE)                  Turns: 1347, Time: 00:05:44

Health: 0/35       AC:  7    Str: 11    XL:     5   Next: 22%
Magic:  7/11       EV: 12    Int: 15    God:
Gold:   52         SH:  0    Dex: 13    Spells: 3/12 levels left

rFire    x . .     SeeInvis .   j - +3 mace
rCold    + . .     Gourm    .   (no shield)
rNeg     + + +     Faith    .   a - +0 robe
rPois    ∞         Spirit   .   n - +2 hat
rElec    .         Reflect  .   o - +0 cloak
rCorr    .         Harm     .   (no gloves)
MR       .....                  d - +1 pair of boots
Stlth    ++........             (no amulet)
HPRegen  0.11/turn              l - ring of wizardry
MPRegen  0.12/turn              (no ring)

@: no status effects
A: no food or potions, fire vulnerability, cold resistance 1, negative energy
resistance 3, torment resistance, unbreathing
a: no special abilities


You were on level 3 of the Dungeon.
You were not hungry.

You visited 1 branch of the dungeon, and saw 7 of its levels.

You collected 52 gold pieces.

Inventory:

Hand Weapons
 j - a +3 mace (weapon)
Armour
 a - a +0 robe (worn)
 c - a +0 helmet
 d - a +1 pair of boots (worn)
 n - a +2 hat (worn)
 o - a +0 cloak (worn)
Jewellery
 l - a ring of wizardry (left hand)
Scrolls
 b - a scroll of remove curse
 g - 2 scrolls of amnesia
 h - a scroll of fear
 i - 3 scrolls of enchant armour


   Skills:
 - Level 1.5 Dodging
 - Level 1.5 Stealth
 + Level 4.2 Spellcasting
 * Level 1.6 Conjurations
 * Level 4.0 Ice Magic


You had 3 spell levels left.
You knew the following spells:

 Your Spells              Type           Power        Failure   Level  Hunger
a - Freeze                Ice            ###.         1%          1    N/A
b - Throw Icicle          Conj/Ice       ##......     21%         4    N/A
c - Iskenderun's Mystic   Conj           #.......     32%         4    N/A

Dungeon Overview and Level Annotations

Branches:
Dungeon (7/15)
 Temple: D:4-7

Altars:
Hepliaklqana

Shops:
D:5 }(

Annotations:
D:4 p0werm0de's ghost, amateur FoCK
D:5 Sigmund


Innate Abilities, Weirdness & Mutations

You do not eat or drink.
Your flesh is vulnerable to fire.
You are immune to poison.
Your flesh is cold resistant. (rC+)
You are immune to negative energy. (rN+++)
You are immune to unholy pain and torment.
You can survive without breathing.


Message History

Unknown command.
Unknown command.
Unknown command.
P0werm0de's ghost turns its malevolent gaze towards you.
Something hits you but does no damage.
There is a stone staircase leading up here.
Unknown command.
Something hits you but does no damage. Something hits you.
You climb upwards.
There is a stone staircase leading down here.
Unknown command.
Something hits you.
Unknown command.
A magic dart appears from out of thin air!
The magic dart hits you!
* * * LOW HITPOINT WARNING * * *
You hear some strange, mumbled words.
A puff of flame appears from out of thin air!
The puff of flame hits you! The fire burns you terribly!
You die...

#..#######...#####
#........†........
###..##..........###
....##.##.#.#.#....
#. #..#.......#.#..##
#.#
#..#..##.#.#...... #
#.#
#>................ #.
#.#
#..#..##.#.###..##
#..##.####@.#..##.#.#
#..##
#.......(.......... .
#..##
#..##.#<##.##..##.#
##..##
##..............##.#
#....
#..................
#.. #
#..............###. #
######.#.##.##.#. ..#
#.....!....... ...
#.#.#.#..##.#.. ...


There were no monsters in sight!

Vanquished Creatures
  2 orc priests
  A bullfrog skeleton (D:4)
  4 adders
  A worm (D:3)
  2 dart slugs
  3 orcs
  A ball python (D:5)
  A bat (D:1)
  4 giant cockroaches
  A goblin (D:2)
  4 hobgoblins
  4 kobolds
  2 frilled lizards (D:4)
  A leopard gecko skeleton (D:5)
  3 rats
34 creatures vanquished.

Notes
Turn   | Place    | Note
-------+----------+-------------------------------------------
     0 | D:1      | 4thArraOfDagon the Mummy Ice Elementalist began the quest for the Orb.
     0 | D:1      | Reached XP level 1. HP: 13/13 MP: 4/4
   161 | D:1      | Reached XP level 2. HP: 9/19 MP: 3/6
   284 | D:2      | Reached XP level 3. HP: 17/24 MP: 0/7
   359 | D:3      | Found a hazy altar of Hepliaklqana.
   416 | D:4      | Noticed an ogre
   422 | D:4      | Noticed p0werm0de's ghost (amateur FoCK)
   427 | D:4      | Noticed an ogre
   658 | D:5      | Entered Level 5 of the Dungeon
   811 | D:4      | Reached XP level 4. HP: 27/30 MP: 9/9
   822 | D:4      | Learned a level 4 spell: Throw Icicle
   950 | D:5      | Found Muubbila's Weapon Shoppe.
   973 | D:5      | Learned a level 4 spell: Iskenderun's Mystic Blast
   991 | D:7      | Reached skill level 1 in Conjurations
  1028 | D:6      | Noticed a hand axe
  1029 | D:6      | Noticed a hand axe
  1240 | D:6      | Noticed an ogre
  1301 | D:5      | Found Tazxo's Gadget Shop.
  1318 | D:5      | Noticed Sigmund
  1329 | D:5      | Reached XP level 5. HP: 18/35 MP: 5/11
  1347 | D:3      | Killed from afar by an orc wizard

Vault maps used:
D:1:      minmay_arrival_loop
D:2:      first_ration
D:3:      lemuel_doored_altar, chequers_temple_overflow_statue_of_worship,
          okawaru_gym_becter
D:4:      elyvilon_altar_5
D:5:      minmay_temple_entry_poolview, serial_shops, shop, shop, shop,
          uniq_blork_the_orc, uniq_sigmund
D:6:      dancing_weapons_uskayaw
D:7:      nicolae_gozag_seed_capital, serial_shops, nicolae_shop_crystal,
          uniq_joseph

Skill      XL: |  1  2  3  4 |
---------------+-------------+-----
Spellcasting   | 3 4 |  4.2
Ice Magic      | 3 4 |  4.0
Conjurations   | 1 |  1.6
Dodging        | |  1.5
Stealth        | |  1.5

Action                   |  1- 3 |  4- 6 || total
-------------------------+-------+-------++-------
Melee: Mace              |    26 |    17 ||    43
 Cast: Freeze            |    31 |    18 ||    49
  Use: Scroll            |     1 |     8 ||     9
 Stab: Sleeping          |     1 |       ||     1
Armor: Robe              |    22 |    13 ||    35
Dodge: Dodged            |    45 |    13 ||    58

Table legend:
 A = Spawn XP
 B = Non-spawn XP
 C = Spawn XP percentage of total XP
 D = Spawn monster count
 E = Non-spawn monster count
 F = Spawn count percentage of total count
 G = Total turns spent on level
                    A         B        C        D         E        F      G
               +---------+---------+-------+---------+---------+-------+---------
         Total |       0 |     237 |   0.0 |       0 |      34 |   0.0 |  1347
               +---------+---------+-------+---------+---------+-------+---------
           D:1 |       0 |      12 |   0.0 |       0 |       5 |   0.0 |   198
           D:2 |       0 |      44 |   0.0 |       0 |      11 |   0.0 |   179
           D:3 |       0 |      11 |   0.0 |       0 |       5 |   0.0 |   223
           D:4 |       0 |      55 |   0.0 |       0 |       4 |   0.0 |   166
           D:5 |       0 |      63 |   0.0 |       0 |       5 |   0.0 |   262
           D:6 |       0 |      50 |   0.0 |       0 |       3 |   0.0 |   296
           D:7 |       0 |       2 |   0.0 |       0 |       1 |   0.0 |    23
               +---------+---------+-------+---------+---------+-------+---------
